 Dungeon Crawl Stone Soup version 0.24-a0-693-g39a19ac0f1 (webtiles) character file.

Game seed: 9766811440073416278, levelgen mode: deterministic

644280 Flugkiller the Ecstatic (level 27, -7/228 HPs)
             Began as a Demonspawn Assassin on Sept 28, 2019.
             Was a Believer of Uskayaw.
             Mangled by an Orb Guardian (26 damage)
             ... on level 5 of the Realm of Zot.
             The game lasted 02:43:30 (68017 turns).

Flugkiller the Ecstatic (Demonspawn Assassin)      Turns: 68017, Time: 02:43:31

Health: -7/228     AC: 34    Str: 16 (17) XL:     27
Magic:  1/39       EV:  9    Int: 21 (23) God:    Uskayaw [**....]
Gold:   5797       SH:  0    Dex: 19 (20) Spells: 23/46 levels left

rFire    + + +     SeeInvis +   I - +8 rapier of the Desert {elec, rElec Str+2 Int+4 SInv}
rCold    + . .     Gourm    .   e - +5 shield {reflect}
rNeg     + . .     Faith    +   S - +7 fire dragon scales of Absence {rF++ rC- rN+ Regen+ Str-4}
rPois    +         Spirit   .   m - +1 hat {MR+}
rElec    +         Reflect  +   r - +2 cloak {MR+}
rCorr    .         Harm     .   G - +1 pair of gloves "Vaajyu" {rPois}
MR       +++++                  (boots unavailable)
Stlth    +.........             A - amulet of faith
HPRegen  2.88/turn              p - ring "Qeusies" {rC+ Int+4}
MPRegen  0.26/turn              v - ring of protection from cold

@: no potions, very slightly contaminated, held, starving
A: claws 1, talons 3, iridescent scales 3, agile 1, demonic guardian 3, fire
resistance 1, hurl damnation, magic resistance 1, powered by death 3, flame
cloud immunity, MP-powered wands
}: 4/15 runes: decaying, slimy, silver, gossamer
a: Hurl Damnation, Stomp, Line Pass, Renounce Religion


You were on level 5 of the Realm of Zot.
You worshipped Uskayaw.
Uskayaw was extremely pleased with you.
You were starving.

You visited 11 branches of the dungeon, and saw 55 of its levels.
You also visited: Sewer and Ice Cave.

You collected 7651 gold pieces.
You spent 1854 gold pieces at shops.

Inventory:

Hand Weapons
 a - the +12 Vampire's Tooth {vamp}
   (You took it off an entropy weaver on level 4 of the Spider Nest)

   It inflicts no extra harm, but heals its wielder when it wounds a living foe.
 b - the +7 fustibalus "Kybadudu" {flame, rN+ Str+4 Int+4 Dex-5}
   (You acquired it on level 14 of the Dungeon)

   It causes projectiles fired from it to burn those they strike, causing extra
   injury to most foes and up to half again as much damage against particularly
   susceptible opponents.
   It affects your strength (+4).
   It affects your intelligence (+4).
   It affects your dexterity (-5).
   It protects you from negative energy.
 I - the +8 rapier of the Desert (weapon) {elec, rElec Str+2 Int+4 SInv}
   (You took it off an ogre mage on level 3 of the Depths)

   Occasionally, upon striking a foe, it will discharge some electrical energy
   and cause terrible harm.
   It affects your strength (+2).
   It affects your intelligence (+4).
   It insulates you from electricity.
   It lets you see invisible.
Missiles
 o - 1342 stones (quivered)
 P - 374 sling bullets
 R - 12 curare-tipped darts
 X - 2 throwing nets
Armour
 e - a +5 shield of reflection (worn)
   (You took it off Donald on level 4 of the Spider Nest)
 m - a +1 hat of magic resistance (worn)
   (You found it on level 4 of the Vaults)
 r - a +2 cloak of magic resistance (worn)
   (You took it off a draconian scorcher on level 4 of the Realm of Zot)
 G - the +1 pair of gloves "Vaajyu" (worn) {rPois}
   (You acquired it on level 1 of the Depths)

   It protects you from poison.
 J - a +2 cloak of invisibility
   (You took it off Maurice on level 8 of the Dungeon)
 S - the +7 fire dragon scales of Absence (worn) {rF++ rC- rN+ Regen+ Str-4}
   (You found it on level 3 of the Elven Halls)

   It affects your strength (-4).
   It greatly protects you from fire.
   It makes you vulnerable to cold.
   It protects you from negative energy.
   It increases your rate of regeneration.
Jewellery
 p - the ring "Qeusies" (left hand) {rC+ Int+4}
   (You found it on level 2 of the Swamp)

   [ring of protection from cold]

   It affects your intelligence (+4).
   It protects you from cold.
 v - a ring of protection from cold (right hand)
   (You found it in an ice cave)
 A - an amulet of faith (around neck)
   (You found it on level 5 of the Pits of Slime)
 F - an uncursed ring of wizardry
   (You found it on level 5 of the Vaults)
 L - the ring "Uluym" {rF+ MR+ Str+4 Dex-2}
   (You took it off an ogre mage on level 3 of the Depths)

   [ring of protection from fire]

   It affects your strength (+4).
   It affects your dexterity (-2).
   It protects you from fire.
   It affects your resistance to hostile enchantments.
 N - the ring of Virib {rElec rPois MP+9 Dex+3}
   (You took it off a boggart on level 3 of the Depths)

   [ring of magical power]

   It affects your dexterity (+3).
   It insulates you from electricity.
   It protects you from poison.
   It affects your magic capacity (+9).
 Y - a +3 ring of protection
   (You found it on level 4 of the Vaults)
Wands
 s - a wand of enslavement (31)
   (You found it on level 14 of the Dungeon)
 t - a wand of paralysis (46)
   (You found it on level 4 of the Lair of Beasts)
 u - a wand of disintegration (36)
   (You found it on level 3 of the Dungeon)
 y - a wand of iceblast (39)
   (You took it off Ijyb on level 4 of the Dungeon)
 C - a wand of acid (33)
   (You found it on level 6 of the Dungeon)
 V - a wand of digging (13)
   (You found it on level 4 of the Spider Nest)
Scrolls
 g - 4 scrolls of blinking
 h - 15 scrolls of teleportation
 i - 5 scrolls of vulnerability
 l - 26 scrolls of remove curse
 z - 7 scrolls of fog
 B - 6 scrolls of fear
 D - 2 scrolls of summoning
 H - 4 scrolls of immolation
 M - 23 scrolls of identify
 O - 2 scrolls of magic mapping
Potions
 c - 9 potions of might
 j - 4 potions of brilliance
 k - 6 potions of mutation
 n - 13 potions of agility
 q - a potion of invisibility
 w - 5 potions of haste
 x - 2 potions of cancellation
 E - 5 potions of berserk rage
 K - 14 potions of curing
 Q - a potion of resistance
 W - 3 potions of ambrosia
Miscellaneous
 d - 2 phantom mirrors
 U - a lamp of fire
   (You found it on level 3 of the Elven Halls)
Comestibles
 f - 100 rations


   Skills:
 + Level 21.1 Fighting
 - Level 13.7(14.0) Short Blades
   Level 4.3(10.1) Long Blades
 - Level 12.0 Slings
 - Level 1.7(8.0) Throwing
 - Level 17.0 Armour
 - Level 11.0 Dodging
 - Level 4.0 Stealth
 - Level 15.0 Shields
 - Level 10.0 Spellcasting
 - Level 4.0 Hexes
 - Level 8.0 Charms
 - Level 5.0 Summonings
 - Level 12.0 Necromancy
 - Level 10.1 Air Magic
 - Level 10.0 Earth Magic
 - Level 24.0 Invocations
 - Level 5.1 Evocations


You had 23 spell levels left.
You knew the following spells:

 Your Spells              Type           Power        Failure   Level  Hunger
a - Sublimation of Blood  Necr           ######....   1%          2    None
b - Deflect Missiles      Chrm/Air       #####.....   54%         6    ######.
c - Regeneration          Chrm/Necr      ######....   1%          3    None
d - Spectral Weapon       Hex/Chrm       #####...     4%          3    None
e - Borgnjor's Vile Clut  Necr/Erth      ######....   5%          5    ####...
f - Summon Lightning Spi  Summ/Air       #####...     8%          4    ##.....

Your spell library contained the following spells:

 Spells                   Type           Power        Failure   Level  Hunger
 Infusion                 Chrm           ####         1%          1    None
 Sandblast                Erth           ######       1%          1    None
 Corpse Rot               Necr           N/A          1%          2    None
 Song of Slaying          Chrm           #####...     1%          2    None
 Swiftness                Chrm/Air       #####...     1%          2    None
 Vampiric Draining        Necr           ######....   1%          3    None
 Shock                    Conj/Air       ####         2%          1    None
 Summon Butterflies       Summ           ####....     2%          1    None
 Summon Small Mammal      Summ           ####         2%          1    None
 Airstrike                Air            ######....   2%          4    ##.....
 Corona                   Hex            ####...      3%          1    None
 Call Imp                 Summ           ####....     3%          2    None
 Passwall                 Tmut/Erth      ####....     3%          2    None
 Poisonous Vapours        Pois/Air       ####..       3%          2    None
 Agony                    Necr           ######..     3%          5    ####...
 Dispel Undead            Necr           ######..     3%          5    ####...
 Shroud of Golubria       Chrm/Tloc      ####..       5%          2    None
 Slow                     Hex            ####....     5%          2    None
 Call Canine Familiar     Summ           ####....     7%          3    None
 Static Discharge         Conj/Air       ####....     7%          3    None
 Stone Arrow              Conj/Erth      ####..       7%          3    None
 Summon Guardian Golem    Hex/Summ       ####....     9%          3    None
 Excruciating Wounds      Chrm/Necr      ######....   9%          5    ####...
 Lee's Rapid Deconstruct  Erth           ######....   9%          5    ####...
 Leda's Liquefaction      Hex/Erth       #####.....   10%         4    ##.....
 Confuse                  Hex            ####....     11%         3    None
 Tukima's Dance           Hex            ####....     11%         3    None
 Ensorcelled Hibernation  Hex/Ice        ###...       12%         2    None
 Mephitic Cloud           Conj/Pois/Air  ###.....     14%         3    None
 Apportation              Tloc           ##....       19%         1    None
 Flame Tongue             Conj/Fire      ##...        19%         1    None
 Magic Dart               Conj           ##..         19%         1    None
 Sting                    Conj/Pois      ##..         19%         1    None
 Petrify                  Tmut/Erth      ####....     22%         4    ##.....
 Dazzling Spray           Conj/Hex       ###...       24%         3    None
 Inner Flame              Hex/Fire       ###.....     24%         3    None
 Portal Projectile        Hex/Tloc       ###...       24%         3    None
 Blink                    Tloc           N/A          26%         2    None
 Searing Ray              Conj           ##....       26%         2    None
 Throw Flame              Conj/Fire      ##....       26%         2    None
 Silence                  Hex/Air        #####.....   26%         5    ####...
 Cause Fear               Hex            ####......   34%         4    ##.....
 Bolt of Draining         Conj/Necr      #####.....   38%         5    ####...
 Conjure Flame            Conj/Fire      ##......     47%         3    None
 Gell's Gravitas          Tloc           ##........   47%         3    None
 Ignite Poison            Fire/Tmut/Pois ##......     47%         3    None
 Lesser Beckoning         Tloc           ##........   47%         3    None
 Lightning Bolt           Conj/Air       ####......   52%         5    ####...
 Summon Ice Beast         Ice/Summ       ###.....     54%         4    ##.....
 Iskenderun's Battlesphe  Conj/Chrm      ####....     67%         5    ####...
 Bolt of Magma            Conj/Fire/Erth ###.......   77%         5    ####...
 Force Lance              Conj/Tloc      ##......     87%         4    ##.....
 Conjure Ball Lightning   Conj/Air       ####......   98%         6    ######.
 Iron Shot                Conj/Erth      ####......   98%         6    ######.
 Shadow Creatures         Summ           N/A          98%         6    ######.
 Alistair's Intoxication  Tmut/Pois      ##......     99%         5    ####...
 Fireball                 Conj/Fire      ##........   99%         5    ####...
 Irradiate                Conj/Tmut      ##........   99%         5    ####...
 Venom Bolt               Conj/Pois      ##........   99%         5    ####...
 Darkness                 Hex            ####......   99%         6    ######.
 Invisibility             Hex            ####....     99%         6    ######.
 Bolt of Cold             Conj/Ice       ##........   100%        6    ######.
 Dispersal                Tloc           ##........   100%        6    ######.
 Freezing Cloud           Conj/Ice/Air   ###.......   100%        6    ######.
 Poison Arrow             Conj/Pois      ##........   100%        6    ######.
 Malign Gateway           Summ/Tloc      ###.......   100%        7    #######
 Monstrous Menagerie      Summ           ####......   100%        7    #######
 Orb of Destruction       Conj           ##........   100%        7    #######
 Ring of Flames           Chrm/Fire      ####......   100%        7    #######
 Spellforged Servitor     Conj/Summ      ###.......   100%        7    #######
 Summon Greater Demon     Summ           ####......   100%        7    #######
 Chain Lightning          Conj/Air       ####......   100%        8    #######
 Controlled Blink         Tloc           N/A          100%        8    #######
 Disjunction              Tloc           ##........   100%        8    #######
 Lehudib's Crystal Spear  Conj/Erth      ####......   100%        8    #######
 Summon Horrible Things   Summ           ####......   100%        8    #######
 Dragon's Call            Summ           ####......   100%        9    #######
 Fire Storm               Conj/Fire      ##........   100%        9    #######
 Glaciate                 Conj/Ice       ##........   100%        9    #######
 Tornado                  Air            ######....   100%        9    #######


Dungeon Overview and Level Annotations

Branches:
Dungeon (15/15)            Temple (1/1) D:7            Lair (6/6) D:8
  Swamp (4/4) Lair:2       Spider (4/4) Lair:2        Slime (5/5) Lair:5
    Orc (2/2) D:9             Elf (3/3) Orc:2        Vaults (5/5) D:13
  Crypt (0/3) Vaults:2     Depths (5/5) D:15            Zot (5/5) Depths:5
  Sewer (visited)           IceCv (visited)

Altars:
Ashenzari
Cheibriados
Dithmenos
Elyvilon
Fedhas
Gozag
Hepliaklqana
Kikubaaqudgha
Makhleb
Nemelex Xobeh
Okawaru
Qazlal
Ru
Sif Muna
Trog
Uskayaw
Vehumet
Wu Jian
Xom
Yredelemnul
Zin
The Shining One
Jiyva

Shops:
D:4 (   D:6 (   Orc:1 %   Orc:2 !!:!   Elf:3 ?   Vaults:3 [   Vaults:5 }
Depths:1 :   Depths:4 *

Portals:
Hell: Depths:1 Depths:2 Depths:3 Depths:4 Depths:5
Abyss: Depths:3 Depths:4
Pandemonium: Depths:1 Depths:2 Depths:3 Depths:5
Ziggurat: Depths:1

Annotations:
D:12 2 transporters, Vuerash's ghost, journeyman TrHu
Lair:1 3 runed translucent doors, Gebura's ghost, novice DsFE
Elf:3 1 runed translucent door, Fet Giorowk's ghost, adept HOMo
Zot:4 3 runed translucent doors, Apoo's ghost, legendary DsEn; Fetiug's ghost, legendary MiCK; Weamiys's ghost, legendary TrWn; Xeragriu's ghost, legendary GrFi


Innate Abilities, Weirdness & Mutations

You have claws for feet.
You are completely covered in iridescent scales. (AC +6)
A powerful demonic guardian rushes to your aid.
Your flesh is heat resistant. (rF+)
You can hurl damnation.
You regenerate a lot of health from kills.
You are immune to clouds of flame.
You have sharp fingernails.
You are agile. (Dex +2)
You are resistant to hostile enchantments. (MR+)
You expend magic power (3 MP) to strengthen your wands.


Message History

The bolt of lightning hits you! You resist.
* * * LOW HITPOINT WARNING * * *
The orb of fire glows bright magenta.
The fireball explodes!
The fireball engulfs you!! You resist.
* * * LOW HITPOINT WARNING * * *
Unknown command.
You struggle against the net.
The zombie hands constrict the Orb Guardian.
The zombie hands constrict the Killer Klown!
The zombie hands constrict the shadow dragon, but do no damage.
The zombie hands release their grip on the shadow dragon.
The purple draconian knight casts a spell at you.
The bolt of cold hits you but does no damage.
The Orb Guardian escapes!
The Killer Klown blinks!
You can now pass through a line of other dancers.
Unknown command.
You struggle against the net.
The zombie hands constrict the Killer Klown.
An Orb Guardian comes into view.
The Killer Klown struggles to escape constriction.
The purple draconian hits you but does no damage.
The black draconian monk breathes lightning at you.
The bolt of lightning hits you. You resist.
* * * LOW HITPOINT WARNING * * *
The bolt of lightning hits the electric golem.
The electric golem completely resists.
The quicksilver dragon breathes dispelling energy at you.
The bolt of dispelling energy hits you!
You feel strangely stable.
Your magical effects are unravelling.
* * * LOW HITPOINT WARNING * * *
The electric golem blinks!
Unknown command.
You struggle against the net.
You feel yourself slow down.
You flicker back into view.
The sentinel's mark upon you fades away.
The zombie hands constrict the Killer Klown.
The Killer Klown struggles to blink free from constriction.
The Orb Guardian hits you!!
* * * LOW HITPOINT WARNING * * *
You struggle against the net.
The zombie hands constrict the Killer Klown.
An Orb Guardian comes into view.
The Killer Klown struggles to escape constriction.
An Orb Guardian comes into view.
The Orb Guardian completely misses you.
An ancient lich comes into view.
The Orb Guardian hits you!!
You die...

*,,,,,,,,,,,,,,,,,,,,*
**,,,,,,,............,*
***,,,,,,...........,**
,,**,,,,,,XL........**
,,,,,,,,,,,dDX.....**
********▓▓▓##.q...▓▓
****,,,............▓▓
*,,,,,,.......dzX...▓▓
,,,,,,,....?...q@.^..▓▓
,,,,,,,.........X*....▓
,,,,,,,..^..X..*X.§^.$▓
,,,,,,,.......DD8*...▓▓
,,,,,,,.......*D.X..▓▓
,,,,,,,..X......X..▓▓
,,,,,,,.......§2p...▓*
,,,,,,,.......§p.....▓*
,,,,,,,...............▓


You could see 4 orbs of fire, 2 Killer Klowns, an electric golem, a shadow
dragon, a tentacled monstrosity, a black draconian monk, a purple draconian
knight, an ancient lich, 2 storm dragons, a yellow draconian, a purple
draconian, a death cob, a quicksilver dragon, 8 Orb Guardians and a friendly
cacodemon.

Vanquished Creatures
  the Royal Jelly (Slime:5)
  2 orbs of fire (Zot:5)
  2 ancient liches (Zot:5)
  A Killer Klown (Zot:5)
  4 curse toes
  6 golden dragons
  8 caustic shrikes
  Arachne (Spider:3)
  2 Tzitzimimeh (Depths:4)
  5 electric golems
  Jorgrun (Spider:1)
  4 liches
  An Orb Guardian (Zot:5)
  24 tentacled monstrosities
  3 deep elf blademasters
  6 quicksilver dragons
  2 deep elf master archers (Elf:3)
  6 titans
  12 acid blobs
  Agnes (Spider:3)
  10 death cobs
  3 sphinxes
  11 shadow dragons
  7 tengu reavers
  A thorn hunter (Swamp:3)
  Donald (Spider:4)
  12 storm dragons
  3 draconian monks
  3 iron dragons
  6 azure jellies
  10 draconian knights
  14 fire giants
  8 ghost moths
  10 frost giants
  An orc warlord (Orc:1)
  6 deep elf sorcerers
  6 emperor scorpions
  3 deep elf elementalists
  6 draconian scorchers
  20 vault wardens
  A balrug (Depths:5)
  3 draconian shifters
  11 ironheart preservers
  6 draconian annihilators
  5 draconian stormcallers
  4 spriggan defenders
  20 stone giants
  21 very ugly things
  6 entropy weavers
  5 green draconians
  7 deep elf annihilators
  4 deep elf demonologists
  6 black draconians
  A war gargoyle (Vaults:5)
  5 vampire knights (Depths:3)
  9 purple draconians
  8 red draconians
  7 yellow draconians
  9 spark wasps
  7 white draconians
  4 deep elf death magi
  6 death oozes
  22 fire dragons
  Snorg (D:13)
  15 ettins
  24 yaktaur captains
  2 deep elf high priests
  16 ogre magi
  11 great orbs of eyes
  6 rakshasas
  10 hydras
  32 vault guards
  14 ice dragons
  3 spriggan air magi
  2 ghost crabs (Swamp:4)
  2 shambling mangroves (Swamp:4)
  A catoblepas (Lair:2)
  12 alligators
  A death knight (Vaults:4)
  10 centaur warriors
  9 deep troll shamans
  37 two-headed ogres
  20 dancing weapons
  9 tengu warriors
  7 deep troll earth magi
  A death yak (IceCv)
  A queen ant (Spider:3)
  2 vampire magi
  6 hell knights
  An orc high priest (Orc:1)
  6 spriggan berserkers
  Nergalle (Lair:3)
  14 deep elf knights
  2 sun demons (Depths:5)
  2 skeletal warriors (Depths:4)
  A small abomination (Vaults:5)
  A fire crab (shapeshifter) (Vaults:4)
  A storm dragon skeleton (Depths:1)
  4 iron trolls
  A death drake (shapeshifter) (Depths:2)
  4 unseen horrors
  3 swamp dragons
  A spark wasp zombie (Depths:1)
  30 deep trolls
  A glowing orange brain (shapeshifter) (Vaults:5)
  5 wizards
  4 glowing orange brains
  3 flayed ghosts
  Pikel (D:5)
  A sphinx zombie (Vaults:1)
  8 deep elf archers
  An orange crystal statue (Depths:1)
  4 necromancers
  2 spectral hydras (Swamp:4)
  A wolf spider zombie (D:14)
  A lindwurm (shapeshifter) (Vaults:5)
  4 harpies
  53 deep elf magi
  4 phantasmal warriors
  An oklob plant (Orc:2)
  33 ugly things
  11 orc knights
  2 shining eyes (Slime:5)
  26 wolf spiders
  16 ironbrand convokers
  A salamander (shapeshifter) (Vaults:3)
  3 human zombies
  A wolf spider (shapeshifter) (Vaults:5)
  5 manticores (D:13)
  6 cyclopes
  2 elephants (shapeshifter)
  A salamander (Depths:5)
  23 orb spiders
  10 elephants
  23 vault sentinels
  33 moths of wrath
  2 fire giant skeletons
  Maurice (D:8)
  3 centaur zombies
  2 black mambas
  A water nymph (shapeshifter) (Vaults:5)
  2 naga magi (Vaults:4)
  A stone giant skeleton (Vaults:2)
  A smoke demon (Depths:1)
  A spiny frog (shapeshifter) (Depths:1)
  2 gargoyles
  2 orange demons (Depths:1)
  An eye of devastation (Slime:5)
  5 torpor snails
  A komodo dragon (shapeshifter) (D:15)
  17 spiny frogs
  3 swamp worm zombies (Swamp:4)
  3 rime drakes
  4 freezing wraiths
  A yaktaur (shapeshifter) (Vaults:3)
  49 yaktaurs
  4 kobold demonologists
  12 komodo dragons
  A tormentor (Depths:1)
  15 demonic crawlers
  21 jumping spiders
  A yaktaur skeleton (Vaults:5)
  A hellwing (Depths:1)
  8 tengu conjurers
  4 hydra zombies (Swamp:4)
  4 trolls
  13 human skeletons
  A harpy zombie (D:15)
  21 polar bears
  22 hornets
  A meliai (shapeshifter) (Vaults:2)
  6 blink frogs
  A polar bear (shapeshifter) (Depths:3)
  13 tyrant leeches
  A tengu simulacrum (Vaults:2)
  3 raiju (Lair:6)
  A meliai zombie (D:15)
  74 slime creatures
  8 bog bodies
  A hornet (shapeshifter) (Depths:3)
  Prince Ribbit (D:9)
  A raiju (shapeshifter) (Vaults:1)
  6 hippogriffs
  3 alligator zombies (Swamp:4)
  Sigmund (D:4)
  4 spectral swamp dragons (Swamp:4)
  2 dream sheep (Lair:6)
  A stone giant simulacrum (Vaults:5)
  7 spriggans
  An air elemental (Elf:1)
  A centaur simulacrum (D:14)
  45 yaks
  A redback (shapeshifter) (Elf:3)
  38 tarantellas
  4 wraiths
  54 redbacks
  4 shadows
  A hog (shapeshifter) (Vaults:3)
  2 water elementals
  A yak (shapeshifter) (Depths:3)
  2 basilisks
  A wyvern (D:9)
  7 golden eyes
  Grum (D:8)
  Eustachio (D:4)
  A steam dragon (Lair:3)
  A human simulacrum (Vaults:2)
  11 vampire mosquitoes (Swamp:4)
  10 wargs
  7 soldier ants
  3 acid dragons
  9 insubstantial wisps
  17 swamp worms
  A soldier ant (shapeshifter) (Vaults:4)
  13 hell hounds (Lair:6)
  2 hornet zombies
  12 water moccasins
  Purgy (Sewer)
  2 floating eyes
  8 porcupines
  6 swamp drakes
  10 black bears
  An elf zombie (Vaults:2)
  38 orc warriors
  4 sky beasts
  3 swamp dragon zombies (Swamp:4)
  2 eyes of draining (shapeshifter)
  3 eyes of draining
  8 phantoms
  An orc zombie (Vaults:1)
  11 ice beasts
  3 boggarts
  27 ogres
  39 wolves
  25 centaurs
  11 crocodiles
  Blork the orc (D:4)
  5 big kobolds
  3 earth elementals (Elf:2)
  25 bullfrogs
  A wyvern zombie (D:12)
  3 gnoll sergeants
  A glowing shapeshifter simulacrum (Vaults:1)
  3 scorpions
  A scorpion (shapeshifter) (Depths:2)
  6 killer bees (D:11)
  An elf simulacrum (Vaults:2)
  6 wights
  3 howler monkeys
  5 electric eels
  A crimson imp (D:11)
  4 bullfrog zombies
  5 jellies
  2 gnoll shamans (D:9)
  14 orc wizards
  2 quasits
  10 orc priests
  11 hounds
  5 centaur skeletons
  4 iguanas
  Ijyb (D:4)
  Natasha (thrice) (D:2)
  17 worker ants
  A worker ant (shapeshifter) (Depths:2)
  2 yak simulacra (Lair:5)
  3 polar bear simulacra (Lair:5)
  A killer bee zombie (D:5)
  4 wolf simulacra (Lair:5)
  4 hound zombies
  2 hound skeletons
  A worker ant zombie (D:5)
  16 gnolls
  2 swamp drake zombies (Swamp:4)
  17 adders
  A river rat (D:5)
  7 shadow imps
  A white imp (Vaults:1)
  An ufetubus (Depths:3)
  3 oozes
  An adder skeleton (D:5)
  2 adder zombies
  3 worms
  3 dart slugs
  8 leopard geckos
  77 orcs
  5 ball pythons
  13 giant cockroaches
  11 hobgoblins
  6 jackals
  15 kobolds
  7 quokkas
  10 bats
  8 frilled lizards
  7 goblins
  A jackal skeleton (D:4)
  A leopard gecko skeleton (D:4)
  A quokka skeleton (D:5)
  11 rats
  2 river rat simulacra (Lair:5)
  5 crawling corpses
  A fungus (Depths:2)
  A plant (Lair:6)
2253 creatures vanquished.

Vanquished Creatures (collateral kills)
  An ancient lich (Vaults:5)
  2 caustic shrikes (Depths:2)
  Nikola (Swamp:2)
  A bone dragon (Swamp:4)
  2 tentacled monstrosities
  Rupert (Orc:2)
  A deep elf blademaster (Elf:3)
  4 acid blobs
  A thorn hunter (Swamp:3)
  3 shadow dragons
  A storm dragon (Vaults:5)
  3 azure jellies (Slime:5)
  A draconian monk (Zot:4)
  3 vault wardens
  2 draconian knights
  An iron dragon (Vaults:5)
  A ghost moth (Zot:5)
  A frost giant (Vaults:5)
  An emperor scorpion (Spider:2)
  A draconian stormcaller (Zot:3)
  A war gargoyle (Vaults:5)
  A draconian scorcher (Zot:1)
  A draconian annihilator (Zot:5)
  A stone giant (Vaults:2)
  2 entropy weavers
  A very ugly thing (Depths:1)
  2 black draconians
  2 green draconians
  2 yellow draconians
  An ettin (Depths:5)
  A deep elf death mage (Vaults:3)
  2 fire dragons (D:15)
  2 death oozes (Slime:5)
  4 vault guards
  5 yaktaur captains
  A hydra (Lair:6)
  An ice dragon (Depths:5)
  A ghost crab (Swamp:4)
  2 alligators (Swamp:3)
  2 centaur warriors
  An ogre mage (Depths:3)
  7 two-headed ogres
  Erica (D:10)
  2 dancing weapons
  A spriggan berserker (Depths:3)
  A small abomination (Elf:3)
  A swamp dragon (Swamp:3)
  5 ironbrand convokers
  A necromancer (Vaults:5)
  A lindwurm (Lair:6)
  3 orb spiders
  A deep elf archer (Vaults:1)
  2 orc knights (Orc:2)
  3 slime creatures
  2 shining eyes
  2 moths of wrath (Zot:1)
  An elephant (Lair:4)
  2 spiny frogs
  A torpor snail (Lair:6)
  5 yaktaurs
  A swamp worm zombie (Swamp:4)
  A rime drake (Lair:4)
  2 demonic crawlers
  5 jumping spiders
  2 trolls
  5 tyrant leeches
  5 polar bears
  3 hornets (Lair:6)
  A blink frog (Lair:1)
  4 dream sheep (Lair:6)
  3 hippogriffs
  6 yaks
  11 redbacks
  A vampire (D:11)
  3 tarantellas
  A basilisk (Lair:2)
  A golden eye (Slime:1)
  16 soldier ants (Spider:3)
  3 wargs
  A water moccasin (Lair:6)
  A hell hound (Lair:6)
  A floating eye (Depths:3)
  3 black bears (Lair:6)
  3 ice beasts (D:13)
  9 orc warriors
  An eye of draining (Slime:4)
  3 phantoms
  2 boggarts (Vaults:1)
  A wolf (Lair:6)
  An ogre (Vaults:4)
  A crocodile (Lair:2)
  A bullfrog (D:6)
  A wight (D:6)
  A crimson imp (D:6)
  An orc priest (Orc:1)
  4 orc wizards
  13 worker ants (Spider:3)
  4 orcs
  A kobold (D:13)
  A fungus (Lair:6)
238 creatures vanquished.

Vanquished Creatures (others)
  A deep elf master archer (Elf:3)
  A vault warden (Vaults:5)
  A stone giant (Depths:2)
  A great orb of eyes (Depths:2)
  A yaktaur captain (Vaults:2)
  A spriggan berserker (Depths:2)
  An ugly thing (Vaults:1)
  A moth of wrath (Zot:5)
  A spiny frog (Swamp:4)
  3 yaktaurs (Vaults:4)
  A tarantella (Spider:4)
  A wolf (IceCv)
  A crocodile (Lair:6)
  A wyvern skeleton (D:6)
  An orc wizard (D:6)
  An adder skeleton (D:6)
  A kobold (D:6)
  3 fungi
  14 plants
  6 spectral weapons
  A withered plant (Zot:4)
43 creatures vanquished.

Grand Total: 2534 creatures vanquished

Notes
Turn   | Place    | Note
-------+----------+-------------------------------------------
     0 | D:1      | Flugkiller the Demonspawn Assassin began the quest for the
                  | Orb.
     0 | D:1      | Reached XP level 1. HP: 16/16 MP: 1/1
   171 | D:1      | Gained mutation: You are partially covered in iridescent
                  | scales. (AC +2) [demonic ancestry]
   171 | D:1      | Reached XP level 2. HP: 8/23 MP: 2/2
   591 | D:1      | Reached skill level 1 in Dodging
   715 | D:1      | Gained mutation: You regenerate a little health from kills.
                  | [demonic ancestry]
   715 | D:1      | Reached XP level 3. HP: 28/29 MP: 3/3
  1315 | D:2      | Noticed Natasha
  1323 | D:2      | Killed Natasha
  1347 | D:2      | Reached XP level 4. HP: 33/35 MP: 4/4
  1521 | D:2      | Noticed Natasha
  1535 | D:2      | Killed Natasha
  1565 | D:2      | Noticed Natasha
  1600 | D:2      | Killed Natasha
  1600 | D:2      | Gained mutation: You have sharp toenails. [demonic
                  | ancestry]
  1600 | D:2      | Reached XP level 5. HP: 25/42 MP: 5/5
  2692 | D:3      | Reached skill level 5 in Fighting
  2913 | D:3      | Reached XP level 6. HP: 51/51 MP: 6/6
  3268 | D:4      | Found Uxenkawn's Weapon Boutique.
  3345 | D:4      | Reached skill level 1 in Evocations
  3356 | D:4      | Got a bloodstained ring mail
  3364 | D:4      | Noticed Blork the orc
  3382 | D:4      | Killed Blork the orc
  3385 | D:4      | Identified the +5 ring mail "Nasabbut" {rC+ MP-9 Dex+4}
                  | (You found it on level 4 of the Dungeon)
  3566 | D:4      | Noticed Eustachio
  3580 | D:4      | Killed Eustachio
  3580 | D:4      | Reached skill level 1 in Armour
  3580 | D:4      | Reached XP level 7. HP: 51/56 MP: 0/8
  3601 | D:4      | Noticed Sigmund
  3683 | D:4      | Noticed Ijyb
  3728 | D:4      | Killed Ijyb
  3763 | D:4      | Found an ornate altar of the Wu Jian Council.
  4006 | D:4      | Killed Sigmund
  4019 | D:4      | Found a shimmering blue altar of Sif Muna.
  4019 | D:4      | Found a glowing golden altar of the Shining One.
  4342 | D:4      | Found a white marble altar of Elyvilon.
  4577 | D:5      | Entered Level 5 of the Dungeon
  4986 | D:5      | Gained mutation: A weak demonic guardian rushes to your
                  | aid. [demonic ancestry]
  4986 | D:5      | Reached XP level 8. HP: 57/64 MP: 0/9
  5003 | D:5      | Found a glowing drain.
  5007 | Sewer    | Entered a sewer
  5065 | Sewer    | Noticed Purgy
  5080 | Sewer    | Killed Purgy
  5410 | D:5      | Gained mutation: You are resistant to hostile enchantments.
                  | (MR+) [potion of mutation]
  5410 | D:5      | Gained mutation: Your mind is acute. (Int +2) [potion of
                  | mutation]
  5768 | D:6      | Reached skill level 5 in Armour
  5789 | D:6      | Noticed Pikel
  5836 | D:5      | Killed Pikel
  5875 | D:6      | Gained mutation: You have razor-sharp toenails. [demonic
                  | ancestry]
  5875 | D:6      | Reached XP level 9. HP: 70/72 MP: 1/10
  6374 | D:6      | Found Ziodgh's Weapon Emporium.
  6505 | D:7      | Reached skill level 5 in Evocations
  6709 | D:7      | Found a staircase to the Ecumenical Temple.
  6740 | Temple   | Entered the Ecumenical Temple
  6925 | Temple   | Became a worshipper of Uskayaw the Reveler
  6943 | D:7      | Reached * piety under Uskayaw
  6947 | D:7      | Reached skill level 1 in Invocations
  6947 | D:7      | Reached ** piety under Uskayaw
  6960 | D:7      | Got a smoking robe
  7009 | D:7      | Reached skill level 2 in Invocations
  7482 | D:8      | Noticed Maurice
  7492 | D:8      | Killed Maurice
  7492 | D:8      | Reached skill level 3 in Invocations
  7492 | D:8      | Reached *** piety under Uskayaw
  7603 | D:8      | Reached skill level 4 in Invocations
  7828 | D:8      | Found a staircase to the Lair.
  7854 | D:8      | Reached skill level 5 in Dodging
  7862 | D:8      | Reached **** piety under Uskayaw
  7868 | D:8      | Reached ***** piety under Uskayaw
  7876 | D:8      | Reached skill level 5 in Invocations
  7878 | D:8      | Gained mutation: You are mostly covered in iridescent
                  | scales. (AC +4) [demonic ancestry]
  7878 | D:8      | Reached XP level 10. HP: 69/79 MP: 4/13
  8315 | D:8      | Noticed Grum
  8330 | D:8      | Reached skill level 6 in Invocations
  8342 | D:8      | Reached skill level 5 in Short Blades
  8368 | D:8      | Killed Grum
  8368 | D:8      | Reached skill level 7 in Invocations
  8542 | Lair:1   | Entered Level 1 of the Lair of Beasts
  8542 | Lair:1   | Noticed a spiny frog
  8854 | D:8      | Found a staircase to the Lair.
  9310 | Lair:1   | Killed a spiny frog
  9312 | Lair:1   | Found a runed translucent gate.
  9312 | Lair:1   | Found a runed translucent gate.
  9312 | Lair:1   | Found a runed translucent gate.
  9519 | Lair:1   | Reached skill level 8 in Invocations
  9521 | Lair:1   | Noticed Gebura's ghost (novice DsFE)
  9533 | Lair:1   | Noticed a death ooze
  9534 | Lair:1   | Found a viscous altar of Jiyva.
 10190 | Lair:2   | Found a staircase to the Swamp.
 10242 | Lair:2   | Noticed a spiny frog
 10271 | Lair:2   | Killed a spiny frog
 10271 | Lair:2   | Reached XP level 11. HP: 66/86 MP: 8/17
 10382 | Lair:2   | Reached skill level 9 in Invocations
 10474 | Lair:2   | Found a hole to the Spider Nest.
 10476 | Lair:2   | Noticed an eight-headed hydra
 10530 | Lair:2   | Killed an eight-headed hydra
 10573 | Lair:2   | Noticed a four-headed hydra
 10583 | Lair:2   | Killed a four-headed hydra
 10721 | Lair:2   | Noticed a catoblepas
 10754 | Lair:2   | Killed a catoblepas
 10936 | Lair:3   | Reached skill level 10 in Invocations
 11052 | Lair:3   | Noticed Nergalle
 11088 | Lair:3   | Killed Nergalle
 11136 | Lair:3   | Found a shattered altar of Ashenzari.
 11779 | Lair:4   | Reached skill level 11 in Invocations
 11779 | Lair:4   | Gained mutation: You regenerate health from kills. [demonic
                  | ancestry]
 11779 | Lair:4   | Reached XP level 12. HP: 97/97 MP: 9/20
 12134 | Lair:4   | Noticed a six-headed hydra
 12156 | Lair:4   | Killed a six-headed hydra
 12156 | Lair:4   | Reached skill level 10 in Fighting
 13050 | Lair:5   | Got a slimy scimitar
 13062 | Lair:5   | Identified the +5 scimitar "Spiderbane" {flame, MR+ Dex+4
                  | Stlth-} (You found it on level 5 of the Lair of Beasts)
 13107 | Lair:5   | Reached skill level 1 in Shields
 13129 | Lair:5   | Found a shimmering altar of Xom.
 13271 | Lair:5   | Found a staircase to the Slime Pits.
 13272 | Lair:5   | Found a viscous altar of Jiyva.
 13694 | Lair:6   | Entered Level 6 of the Lair of Beasts
 13743 | Lair:6   | Reached skill level 5 in Shields
 13770 | Lair:6   | Reached ****** piety under Uskayaw
 14240 | Lair:6   | Gained mutation: A demonic guardian rushes to your aid.
                  | [demonic ancestry]
 14240 | Lair:6   | Reached XP level 13. HP: 51/106 MP: 8/21
 15107 | Lair:6   | Found a runed translucent door.
 15910 | D:9      | Found a white marble altar of Elyvilon.
 16188 | D:9      | Found a staircase to the Orcish Mines.
 16204 | D:9      | Noticed Prince Ribbit
 16212 | D:9      | Killed Prince Ribbit
 16576 | D:10     | Entered Level 10 of the Dungeon
 16682 | D:10     | Noticed Erica
 16714 | D:10     | Killed Erica
 16812 | D:10     | Reached skill level 12 in Invocations
 17371 | Orc:1    | Entered Level 1 of the Orcish Mines
 17401 | Orc:1    | Gained mutation: You have claws for feet. [demonic
                  | ancestry]
 17401 | Orc:1    | Reached XP level 14. HP: 114/114 MP: 14/23
 17407 | Orc:1    | Noticed an orc warlord
 17440 | Orc:1    | Killed an orc warlord
 17575 | Orc:1    | You fall into a shaft and drop 1 floor!
 17575 | Orc:2    | Entered Level 2 of the Orcish Mines
 17605 | Orc:2    | Reached skill level 10 in Armour
 17622 | Orc:2    | Reached skill level 10 in Dodging
 17640 | Orc:2    | Found Penav's Distillery.
 17640 | Orc:2    | Found Reskiumy's Book Emporium.
 17644 | Orc:2    | Found Mosal's Distillery.
 17646 | Orc:2    | Found Omyddi Esmot's Distillery.
 17654 | Orc:2    | Bought a potion of heal wounds for 70 gold pieces
 17956 | Orc:2    | Noticed Rupert
 17967 | Orc:2    | Killed Rupert
 18014 | Orc:2    | Found a staircase to the Elven Halls.
 18470 | Orc:1    | Found Xevvippau's Food Emporium.
 19614 | D:12     | Reached skill level 13 in Invocations
 19717 | D:12     | Found a transporter.
 19842 | D:12     | Noticed Vuerash's ghost (journeyman TrHu)
 19853 | D:12     | Found a transporter.
 20352 | D:13     | Found a frozen archway.
 20373 | IceCv    | Entered an ice cave
 20672 | IceCv    | Noticed a frost giant
 20701 | IceCv    | Killed a frost giant
 20701 | IceCv    | Gained mutation: A powerful demonic guardian rushes to your
                  | aid. [demonic ancestry]
 20701 | IceCv    | Reached XP level 15. HP: 66/122 MP: 15/24
 20847 | D:13     | Noticed Snorg
 20860 | D:13     | Killed Snorg
 20923 | D:13     | Found a gate to the Vaults.
 21399 | D:14     | Identified a scroll of acquirement
 21401 | D:14     | Got a smoking fustibalus
 21402 | D:14     | Identified the +7 fustibalus "Kybadudu" {flame, rN+ Str+4
                  | Int+4 Dex-5} (You acquired it on level 14 of the Dungeon)
 22788 | D:14     | Reached skill level 1 in Slings
 23269 | D:15     | Entered Level 15 of the Dungeon
 23686 | D:15     | Found a staircase to the Depths.
 23777 | D:15     | Found a hazy altar of Hepliaklqana.
 24166 | Swamp:1  | Entered Level 1 of the Swamp
 24593 | Swamp:1  | Reached skill level 1 in Long Blades
 24797 | Swamp:1  | Reached skill level 5 in Slings
 25697 | Swamp:2  | Got a smoking ivory ring
 25727 | Swamp:2  | Noticed Nikola
 25740 | Swamp:2  | Killed Nikola
 26179 | Swamp:2  | Identified the ring "Qeusies" {rC+ Int+4} (You found it on
                  | level 2 of the Swamp)
 26401 | Swamp:3  | Noticed a thorn hunter
 26412 | Swamp:3  | Killed a thorn hunter
 26941 | Swamp:3  | Gained mutation: Your flesh is heat resistant. (rF+)
                  | [demonic ancestry]
 26941 | Swamp:3  | Reached XP level 16. HP: 47/133 MP: 13/25
 26979 | Swamp:3  | Noticed a thorn hunter
 27670 | Swamp:3  | Killed a thorn hunter
 27786 | Swamp:4  | Entered Level 4 of the Swamp
 28611 | Swamp:4  | Reached skill level 10 in Slings
 29956 | Swamp:4  | Noticed a bone dragon
 29982 | Swamp:4  | Killed a bone dragon
 30217 | Swamp:4  | Reached skill level 14 in Invocations
 30898 | Swamp:4  | Got a decaying rune of Zot
 31113 | Spider:1 | Entered Level 1 of the Spider Nest
 31405 | Spider:1 | Noticed Jorgrun
 31418 | Spider:1 | Killed Jorgrun
 32264 | Spider:2 | Reached skill level 15 in Invocations
 32779 | Spider:2 | Reached XP level 17. HP: 133/139 MP: 19/28
 33741 | Spider:3 | Noticed Arachne
 33760 | Spider:3 | Killed Arachne
 33959 | Spider:3 | Noticed Agnes
 34014 | Spider:3 | Killed Agnes
 34978 | Spider:4 | Entered Level 4 of the Spider Nest
 35007 | Spider:4 | Reached skill level 10 in Shields
 35403 | Spider:4 | Got a dazzling quarterstaff
 35704 | Spider:4 | Reached skill level 15 in Fighting
 35930 | Spider:4 | Reached skill level 10 in Short Blades
 36511 | Spider:4 | Noticed Donald
 36808 | Spider:4 | Reached XP level 18. HP: 105/149 MP: 0/29
 37826 | Spider:4 | Got a gossamer rune of Zot
 37875 | Spider:4 | Killed Donald
 38217 | Elf:1    | Entered Level 1 of the Elven Halls
 38854 | Elf:1    | Learned a level 3 spell: Regeneration
 38858 | Elf:1    | Learned a level 3 spell: Spectral Weapon
 39763 | Elf:2    | Found a huge runed translucent gate.
 39763 | Elf:2    | Found a huge runed translucent gate.
 39766 | Elf:2    | Found a huge runed translucent gate.
 39766 | Elf:2    | Found a huge runed translucent gate.
 39771 | Elf:2    | Found a huge runed translucent gate.
 40542 | Elf:2    | Reached skill level 16 in Invocations
 41253 | Elf:3    | Entered Level 3 of the Elven Halls
 41502 | Elf:3    | Found a runed translucent door.
 41502 | Elf:3    | Noticed Fet Giorowk's ghost (adept HOMo)
 41565 | Elf:3    | Found Suwk's Magic Scroll Emporium.
 41574 | Elf:3    | Bought a scroll of blinking for 112 gold pieces
 41574 | Elf:3    | Bought a scroll of teleportation for 45 gold pieces
 41574 | Elf:3    | Bought a scroll of teleportation for 45 gold pieces
 41574 | Elf:3    | Bought a scroll of magic mapping for 52 gold pieces
 41574 | Elf:3    | Bought a scroll of fog for 30 gold pieces
 42125 | Elf:3    | Reached XP level 19. HP: 151/157 MP: 22/31
 42161 | Elf:3    | Reached skill level 17 in Invocations
 42439 | Elf:3    | Identified Sif Muna's Catalogue of Doomed Augmentations
 42442 | Elf:3    | Got crude fire dragon scales
 42453 | Elf:3    | Identified the +7 fire dragon scales of Absence {rF++ rC-
                  | rN+ Regen+ Str-4} (You found it on level 3 of the Elven
                  | Halls)
 42535 | Elf:3    | Got an amber-encrusted leather armour
 42556 | Elf:3    | Got an ichor-stained leather armour
 42632 | Elf:3    | Got an ancient demon trident
 42706 | Elf:3    | Identified the +0 demon trident "Orb Guardian's Bane"
                  | {elec, Dex+3} (You found it on level 3 of the Elven Halls)
 42709 | Elf:3    | Got a translucent plate armour
 42720 | Elf:3    | Identified the cursed +0 plate armour "Paogygh" {+Inv rC++
                  | rCorr Str-3} (You found it on level 3 of the Elven Halls)
 42760 | Elf:3    | Got a scorched quarterstaff
 42896 | Elf:3    | Got a serpentine glass ring
 42899 | Elf:3    | Identified the ring of Siol Ixt {Dex+4 Stlth+} (You found
                  | it on level 3 of the Elven Halls)
 43247 | Vaults:1 | Entered Level 1 of the Vaults
 43535 | Vaults:1 | Reached skill level 1 in Necromancy
 43583 | Vaults:1 | Reached skill level 1 in Hexes
 43585 | Vaults:1 | Reached skill level 1 in Spellcasting
 43585 | Vaults:1 | Reached skill level 1 in Charms
 44057 | Vaults:1 | Reached skill level 18 in Invocations
 44676 | Vaults:1 | Identified the +8 plate armour of the Nine Emperors {Str-5
                  | Slay+4 SInv Stlth+}
 44684 | Vaults:1 | Reached skill level 5 in Charms
 44753 | Vaults:1 | Reached skill level 5 in Spellcasting
 45100 | Vaults:2 | Reached XP level 20. HP: 164/164 MP: 33/33
 45318 | Vaults:2 | Found a staircase to the Crypt.
 46279 | Vaults:2 | Learned a level 4 spell: Summon Lightning Spire
 46286 | Vaults:2 | Learned a level 6 spell: Deflect Missiles
 46320 | Vaults:2 | Reached skill level 1 in Air Magic
 47673 | Vaults:3 | Found Cukhlaid's Armour Shoppe.
 48113 | Vaults:4 | Reached skill level 5 in Air Magic
 48475 | Vaults:4 | Gained mutation: You are completely covered in iridescent
                  | scales. (AC +6) [demonic ancestry]
 48475 | Vaults:4 | Reached XP level 21. HP: 172/172 MP: 31/34
 49223 | Vaults:4 | Got a brightly glowing hat
 49224 | Vaults:4 | Identified the +2 hat of Happiness {SInv} (You found it on
                  | level 4 of the Vaults)
 49250 | Vaults:4 | Found a radiant altar of Vehumet.
 49296 | Vaults:4 | Got a faintly humming hat
 49297 | Vaults:4 | Identified the cursed +0 hat of Nigaor {rF- Str+3 Int+3}
                  | (You found it on level 4 of the Vaults)
 49303 | Vaults:4 | Got a faintly humming robe
 49304 | Vaults:4 | Identified the +2 robe "Saotre" {*Corrode rElec rC- Dex+4}
                  | (You found it on level 4 of the Vaults)
 49724 | Depths:1 | Entered Level 1 of the Depths
 50451 | Depths:1 | Found a gateway to a ziggurat.
 51048 | Depths:1 | Found Fadiygoe's Book Boutique.
 51054 | Depths:1 | Bought a book of Dreams for 1500 gold pieces
 51060 | Depths:1 | Learned a level 5 spell: Borgnjor's Vile Clutch
 51265 | Depths:1 | Found a one-way gate leading to the halls of Pandemonium.
 51271 | Depths:1 | Identified the +1 pair of gloves "Vaajyu" {rPois} (You
                  | acquired it on level 1 of the Depths)
 51426 | Depths:1 | Found a gateway to Hell.
 51666 | Depths:2 | Noticed a caustic shrike
 51675 | Depths:2 | Noticed a caustic shrike
 51680 | Depths:2 | Noticed a caustic shrike
 51680 | Depths:2 | Killed a caustic shrike
 51681 | Depths:2 | Noticed a caustic shrike
 51681 | Depths:2 | Noticed a caustic shrike
 51685 | Depths:2 | Killed a caustic shrike
 51689 | Depths:2 | Killed a caustic shrike
 51694 | Depths:2 | Killed a caustic shrike
 51694 | Depths:2 | Killed a caustic shrike
 52137 | Depths:2 | Found an ancient bone altar of Kikubaaqudgha.
 52138 | Depths:2 | Found a shadowy altar of Dithmenos.
 52140 | Depths:2 | Found a sacrificial altar of Ru.
 52404 | Depths:2 | Reached skill level 15 in Shields
 52423 | Depths:2 | Gained mutation: You are immune to clouds of flame.
                  | [demonic ancestry]
 52423 | Depths:2 | Reached XP level 22. HP: 183/183 MP: 33/35
 52651 | Depths:2 | Reached skill level 10 in Spellcasting
 52700 | Depths:2 | Reached skill level 1 in Earth Magic
 52782 | Depths:2 | Reached skill level 1 in Summonings
 52843 | Depths:2 | Identified the +3 mace of Desperation {antimagic, Str+6}
 52843 | Depths:2 | Identified the amulet "Ylui" {Spirit +Fly Dex+3}
 52858 | Depths:2 | Reached skill level 5 in Necromancy
 52959 | Depths:2 | Identified Apah's Grimoire of the Harmful Compass
 52962 | Depths:2 | Identified the Reference Book on Ignition and the Escort
 53338 | Depths:2 | Got a smoking mace
 53571 | Depths:3 | Found a one-way gate to the infinite horrors of the Abyss.
 53662 | Depths:3 | Identified the +4 chain mail "Moepla Syos" {rC+ Dex+2} (You
                  | found it on level 3 of the Depths)
 53983 | Depths:3 | Reached skill level 5 in Earth Magic
 54192 | Depths:3 | Found a shattered altar of Ashenzari.
 54376 | Depths:3 | Paralysed by a floating eye for 4 turns
 54396 | Depths:3 | Identified the +8 rapier of the Desert {elec, rElec Str+2
                  | Int+4 SInv}
 54396 | Depths:3 | Identified the ring "Uluym" {rF+ MR+ Str+4 Dex-2}
 54494 | Depths:3 | Paralysed by a floating eye for 4 turns
 54531 | Depths:3 | Noticed a golden dragon
 54576 | Depths:3 | Killed a golden dragon
 54578 | Depths:3 | Identified the ring of Virib {rElec rPois MP+9 Dex+3}
 54583 | Depths:3 | Paralysed by a floating eye for 3 turns
 54966 | Depths:4 | Reached skill level 10 in Necromancy
 55058 | Depths:4 | Gained mutation: You can hurl damnation. [demonic ancestry]
 55058 | Depths:4 | Reached XP level 23. HP: 70/190 MP: 4/37
 55668 | Depths:4 | Found Qikkieb's Assorted Antiques.
 56416 | Depths:5 | Entered Level 5 of the Depths
 56873 | Depths:5 | Got an obsidian-encrusted scale mail
 56938 | Depths:5 | Identified the +5 scale mail of Starshine {Dex+4} (You
                  | found it on level 5 of the Depths)
 57012 | Depths:5 | Reached skill level 10 in Earth Magic
 57156 | Depths:5 | Noticed a caustic shrike
 57160 | Depths:5 | Noticed a caustic shrike
 57166 | Depths:5 | Noticed a caustic shrike
 57168 | Depths:5 | Noticed a caustic shrike
 57169 | Depths:5 | Noticed a caustic shrike
 57171 | Depths:5 | Killed a caustic shrike
 57171 | Depths:5 | Killed a caustic shrike
 57178 | Depths:5 | Killed a caustic shrike
 57188 | Depths:5 | Killed a caustic shrike
 57200 | Depths:5 | Killed a caustic shrike
 57391 | Depths:5 | Found a gate to the Realm of Zot.
 57964 | Vaults:4 | Learned a level 2 spell: Sublimation of Blood
 57971 | Vaults:5 | Entered Level 5 of the Vaults
 58010 | Vaults:5 | Reached XP level 24. HP: 198/198 MP: 37/37
 58026 | Vaults:5 | Gained mutation: You occasionally shout uncontrollably at
                  | your foes. [a shining eye]
 58361 | Vaults:5 | Reached skill level 19 in Invocations
 59380 | Vaults:5 | Found Veoj's Gadget Shoppe.
 59380 | Vaults:5 | Noticed an ancient lich
 59413 | Vaults:5 | Killed an ancient lich
 59524 | Vaults:5 | Reached skill level 20 in Invocations
 59658 | Vaults:5 | Got a silver rune of Zot
 60106 | Slime:1  | Entered Level 1 of the Pits of Slime
 60657 | Slime:5  | Entered Level 5 of the Pits of Slime
 60673 | Slime:5  | Reached skill level 15 in Armour
 61046 | Slime:5  | Noticed the Royal Jelly
 61070 | Slime:5  | Killed the Royal Jelly
 61070 | Slime:5  | Reached XP level 25. HP: 209/209 MP: 37/37
 61866 | Slime:5  | Gained mutation: Armour fits poorly on your strangely
                  | shaped body. [a shining eye]
 61920 | Slime:5  | Gained mutation: You are frail. (-10% HP) [a shining eye]
 61961 | Slime:5  | Got a coiled copper amulet
 61962 | Slime:5  | Identified the amulet of Qecru {Harm *Drain +Inv rElec
                  | Str-4 Dex-3} (You found it on level 5 of the Pits of Slime)
 61979 | Slime:5  | Got a warped ring mail
 61980 | Slime:5  | Identified the +3 ring mail of Recklessness {rC++} (You
                  | found it on level 5 of the Pits of Slime)
 61989 | Slime:5  | Got a serpentine graven amulet
 61990 | Slime:5  | Identified the amulet "Uveageg" {Harm *Drain rC- Int+4
                  | SInv} (You found it on level 5 of the Pits of Slime)
 62023 | Slime:5  | Got an ancient war axe
 62052 | Slime:5  | Identified the Volume of Snow and Enchantment
 62058 | Slime:5  | Got a slimy rune of Zot
 62081 | Slime:5  | Got a steaming broad axe
 62082 | Slime:5  | Identified the +6 broad axe of Outrage {chop, Str+4} (You
                  | found it on level 5 of the Pits of Slime)
 62331 | D:9      | Lost mutation: Armour fits poorly on your strangely shaped
                  | body. [potion of mutation]
 62331 | D:9      | Lost mutation: You occasionally shout uncontrollably at
                  | your foes. [potion of mutation]
 62331 | D:9      | Lost mutation: You are frail. (-10% HP) [potion of
                  | mutation]
 62331 | D:9      | Gained mutation: Scrolls take you a little longer to read.
                  | [potion of mutation]
 62331 | D:9      | Gained mutation: You can translocate small distances at
                  | will. [potion of mutation]
 62331 | D:9      | Gained mutation: You tend to lose your temper in combat.
                  | [potion of mutation]
 62331 | D:9      | Lost mutation: You tend to lose your temper in combat.
                  | [potion of mutation]
 62356 | D:9      | Lost mutation: Scrolls take you a little longer to read.
                  | [potion of mutation]
 62356 | D:9      | Lost mutation: You can translocate small distances at will.
                  | [potion of mutation]
 62356 | D:9      | Gained mutation: You are agile. (Dex +2) [potion of
                  | mutation]
 62356 | D:9      | Lost mutation: Your mind is acute. (Int +2) [potion of
                  | mutation]
 62356 | D:9      | Gained mutation: You expend magic power (3 MP) to
                  | strengthen your wands. [potion of mutation]
 62356 | D:9      | Gained mutation: You have sharp fingernails. [potion of
                  | mutation]
 62682 | Zot:1    | Entered Level 1 of the Realm of Zot
 62711 | Zot:1    | Reached skill level 21 in Invocations
 63146 | Zot:2    | Reached skill level 22 in Invocations
 64748 | Zot:3    | Reached skill level 5 in Summonings
 65186 | Zot:3    | Gained mutation: You regenerate a lot of health from kills.
                  | [demonic ancestry]
 65186 | Zot:3    | Reached XP level 26. HP: 218/218 MP: 31/38
 65198 | Zot:3    | Reached skill level 10 in Air Magic
 66098 | Zot:4    | Reached skill level 23 in Invocations
 66610 | Zot:4    | Reached skill level 24 in Invocations
 66649 | Zot:4    | Found a runed translucent gate.
 66650 | Zot:4    | Found a runed translucent gate.
 66651 | Zot:4    | Found a runed translucent gate.
 66651 | Zot:4    | Noticed Fetiug's ghost (legendary MiCK)
 66652 | Zot:4    | Noticed Xeragriu's ghost (legendary GrFi)
 66652 | Zot:4    | Noticed Weamiys's ghost (legendary TrWn)
 66653 | Zot:4    | Noticed Apoo's ghost (legendary DsEn)
 67086 | Zot:1    | Got an ichor-stained dagger
 67725 | Zot:5    | Entered Level 5 of the Realm of Zot
 67963 | Zot:5    | Noticed an orb of fire
 67963 | Zot:5    | Noticed an orb of fire
 67964 | Zot:5    | Noticed an ancient lich
 67975 | Zot:5    | Killed an orb of fire
 67976 | Zot:5    | Killed an ancient lich
 67976 | Zot:5    | Reached XP level 27. HP: 219/228 MP: 22/39
 67977 | Zot:5    | Killed an orb of fire
 67989 | Zot:5    | Noticed an ancient lich
 67997 | Zot:5    | Noticed an orb of fire
 67997 | Zot:5    | Noticed an orb of fire
 67997 | Zot:5    | Noticed an orb of fire
 68003 | Zot:5    | Noticed an orb of fire
 68010 | Zot:5    | Noticed an ancient lich
 68013 | Zot:5    | Killed an ancient lich
 68017 | Zot:5    | Noticed an ancient lich
 68017 | Zot:5    | Mangled by an Orb Guardian

Levels and vault maps discovered:
D:1:      nzn_arrival_crosshair, layout_basic, serial_forest,
          infiniplex_forest_straight_4, infiniplex_forest_straight_2,
          infiniplex_forest_clump_long, infiniplex_forest_lined_room_2,
          infiniplex_forest_lined_room_2, infiniplex_forest_straight_2,
          infiniplex_forest_clump_long, infiniplex_forest_corner_2,
          infiniplex_forest_straight_2, infiniplex_forest_clump_diagonal
D:2:      layout_loops_cross, first_ration, minmay_diced_spiral, uniq_natasha
D:3:      layout_basic, kennysheep_generic_room_15
D:4:      layout_loops_ring, elyvilon_altar_5, gammafunk_temple_overflow_pools,
          lemuel_crystal_altar, serial_shops,
          nicolae_shop_competitors_out_of_business, uniq_sigmund,
          uniq_blork_the_orc, uniq_eustachio, uniq_ijyb
D:5:      layout_loops_cross, gup_sewer_entry_spiral, skrybe_limestone_x
D:6:      layout_rooms, serial_shops, shop_fountains, uniq_pikel
D:7:      layout_basic, minmay_temple_entry_grid, serial_curves, eino_curves_02,
          eino_curves_04
D:8:      layout_basic, erik_lair_island, uniq_grum, uniq_maurice
D:9:      layout_cave_pools, orc_0_dummy, basic_altar, serial_gnoll_camp,
          gnoll_camp_mini_hut, gnoll_camp_mini_house, gnoll_camp_mini_doghouse,
          gnoll_camp_mini_basic, gnoll_camp_mini_basic, the_bakery,
          centaur_isle, uniq_prince_ribbit1
D:10:     layout_roguey, minivault_26, uniq_erica
D:11:     layout_basic, wad_dig_loot
D:12:     layout_roguey, gammafunk_ghost_stat_death
D:13:     layout_big_octagon, david_vaults_2, portal_ice_cave_entry_ice_beasts,
          uniq_snorg
D:14:     layout_cave_pools, st_stairs_4
D:15:     grunt_enter_depths_hoard, layout_basic, minmay_tree_intersection,
          basic_altar
Temple:   eino_narrow_crystal_temple
Lair:1:   layout_roguey, gammafunk_ghost_ooze, serial_bayou_shore_a
Lair:2:   layout_big_grid, swamp_mist_pool, dummy_spider_entry
Lair:3:   layout_roguey, basic_altar, grunt_megastairs_2, uniq_nergalle
Lair:4:   layout_cave_pods
Lair:5:   layout_regular_city, slime_altar_1, basic_altar,
          eino_house_with_fridge
Lair:6:   wormcave, layout_regular_city, hangedman_lair_caniforms_friends
Swamp:1:  layout_basic_swamp, evilmike_swamp_ruin_house_3
Swamp:2:  layout_basic_swamp, evilmike_swamp_ruin_house_6, uniq_nikola
Swamp:3:  layout_basic_swamp, evilmike_swamp_ruin_wall
Swamp:4:  swamp_pestilence, layout_basic_swamp
Spider:1: layout_spider_delve, nicolae_spider_circle_web,
          hangedman_spider_tarantella_strand, uniq_jorgrun
Spider:2: layout_spider_delve, hive_lemuel
Spider:3: layout_spider_delve, zaba_anthell, nicolae_spider_cling_ruins,
          uniq_agnes, uniq_arachne
Spider:4: johnstein_spider_rune_arachne_lair, uniq_donald
Slime:1:  layout_caves
Slime:2:  layout_caves, cheibrodos_slime_lost_civilization_4
Slime:3:  layout_caves
Slime:4:  layout_caves
Slime:5
Orc:1:    layout_diamond_mine, serial_shops, shop
Orc:2:    st_orc_rangers, layout_caves, mines3_lemuel, uniq_rupert
Elf:1:    eino_elf_arrival_sip, layout_onion_city,
          kennysheep_underground_church, minivault_5, nicolae_elf_w_pinch
Elf:2:    layout_loops_corners, minivault_26
Elf:3:    minmay_elf_hall, layout_onion_city, ebering_ghost_inner_flame,
          serial_shops, nicolae_shop_trees, grunt_ministairs_6
Vaults:1: v_misc_23, vaults_standard_mumra_x, serial_ice_g,
          nicolae_vaults_arrows, vaults_mumra_minichess_inversion,
          ontoclasm_vaults_hangar, vaults_room_pools,
          nicolae_vaults_windows_and_doors_thing, nicolae_vaults_three_branches,
          ontoclasm_vaults_twist, v_pattern_4, ontoclasm_vaults_ring_square,
          vaults_dpeg_ring, nicolae_vaults_angled_halls,
          vaults_room_fancy_cross, vaults_dpeg_encased_lava,
          layout_vaults_maze_bifur
Vaults:2: st_squares, v_misc_9, ontoclasm_vaults_bender, vaults_room_door_ring,
          layout_vaults_omnigrid, dummy_crypt_entry
Vaults:3: grunt_vaults_trifunnel, ontoclasm_vaults_tryst,
          nicolae_vaults_border_crossing, v_misc_5, st_star,
          nicolae_vaults_little_squares_4, nicolae_vaults_little_ls,
          hangedman_vaults_stretched_pinwheel, vaults_room_grid,
          nicolae_vaults_ring_of_whatevers, dpeg_vaults_monster_row,
          vaults_room_pools, layout_vaults_big_cross, serial_shops, shop
Vaults:4: nicolae_vaults_hallways_thing, hangedman_vaults_restitches,
          grunt_tower_of_power, nicolae_vaults_ninety_degrees,
          ontoclasm_vaults_ring_large, vaults_dpeg_doors,
          nicolae_vaults_alarming, vaults_room_grunt_arrival_ludios,
          nicolae_vaults_theta, layout_vaults_chaotic_city
Vaults:5
Depths:1: layout_honeycomb, enter_ziggurat_a, chequers_hall_statues_y,
          rand_demon_pan_entry_3, serial_shops, shop, hell_entry, minivault_16,
          chequers_serial_rivers_small_b, kennysheep_generic_room_13
Depths:2: hangedman_slaughterboxes, pan_entry, hell_entry
Depths:3: minmay_the_grid_triangle_9x9_line_8_mashed
          [minmay_the_grid_triangle_9x9_skeleton,
          minmay_the_grid_triangle_9x9_flanged_cone,
          minmay_the_grid_triangle_9x9_corruption,
          minmay_the_grid_triangle_9x9_cache,
          minmay_the_grid_triangle_9x9_dagger,
          minmay_the_grid_triangle_9x9_corrupted_corridor,
          minmay_the_grid_triangle_9x9_from_above,
          minmay_the_grid_triangle_9x9_prize_insulated], layout_gridlike,
          rand_demon_pan_entry_5, hell_entry, abyss_entry, ashenzari_altar_1,
          grunt_megastairs_4
Depths:4: cheibrodos_tormentor_scu, layout_basic, serial_shops, kennysheep_mini,
          hell_entry, hangedman_abyss_entry_splay
Depths:5: evilmike_zot_entry_basic, layout_cave_pools, pan_entry,
          minmay_misc_feat_ornament, lightli_too_deep
Zot:1:    layout_basic, grunt_ministairs_9, zot_minivault_7
Zot:2:    kennysheep_room_grid, layout_misc_corridors
Zot:3:    layout_misc_corridors, evilmike_ambush [evilmike_ambush_outer_basic,
          evilmike_ambush_inner_basic]
Zot:4:    layout_misc_corridors, gammafunk_ghost_cemetery
Zot:5:    layout_cathedral_of_symmetry, grunt_ministairs_6

Skill      XL: |  1  2  3  4  5  6  7  8  9 10 11 12 13 14 15 16 17 18 19 20 21 22 23 24 25 26 27 |
---------------+----------------------------------------------------------------------------------+-----
Fighting       | 3 4 5 6 7 8 9 11 12 14 15 16 17 18 19 20 21 | 21.1
Stealth        | 4 |  4.0
Dodging        | 1 2 3 5 7 9 10 11 | 11.0
Short Blades   | 2 3 4 6 7 8 10 11 13 | 13.7
Evocations     | 2 5 |  5.1
Armour         | 1 4 7 8 9 10 11 13 15 16 17 | 17.0
Invocations    | 5 8 11 12 13 15 16 18 20 22 24 | 24.0
Shields        | 6 7 8 9 11 12 13 15 | 15.0
Slings         | 7 11 12 | 12.0
Long Blades    | 4 |  4.3
Necromancy     | 3 4 10 12 | 12.0
Hexes          | 4 |  4.0
Spellcasting   | 5 8 9 10 | 10.0
Charms         | 6 8 |  8.0
Air Magic      | 5 8 9 10 | 10.1
Earth Magic    | 8 10 | 10.0
Summonings     | 4 5 |  5.0
Throwing       | |  1.7

Action                   |  1- 3 |  4- 6 |  7- 9 | 10-12 | 13-15 | 16-18 | 19-21 | 22-24 | 25-27 || total
-------------------------+-------+-------+-------+-------+-------+-------+-------+-------+-------++-------
Melee: Dagger            |   117 |   327 |   561 |   842 |       |       |       |       |       ||  1847
       Scimitar          |       |       |       |   161 |  1550 |   192 |       |       |       ||  1903
       Kick              |       |       |       |       |   575 |   722 |   915 |  1254 |   627 ||  4093
       Rapier            |       |       |       |       |       |  1209 |       |    17 |   169 ||  1395
       Quick blade       |       |       |       |       |       |   381 |  2460 |  2668 |  1066 ||  6575
 Fire: Fustibalus        |       |       |       |       |    14 |   325 |    69 |       |    51 ||   459
Throw: Dart              |    10 |    14 |    28 |     2 |       |       |       |       |       ||    54
 Cast: Spectral Weapon   |       |       |       |       |       |       |    23 |     4 |     4 ||    31
       Regeneration      |       |       |       |       |       |       |     2 |       |     5 ||     7
       Borgnjor's Vile C |       |       |       |       |       |       |       |    35 |    65 ||   100
       Deflect Missiles  |       |       |       |       |       |       |       |     3 |     7 ||    10
       Summon Lightning  |       |       |       |       |       |       |       |     3 |     2 ||     5
       Sublimation of Bl |       |       |       |       |       |       |       |     8 |       ||     8
Invok: Stomp             |       |       |       |     6 |     8 |     6 |     4 |     2 |       ||    26
       Line Pass         |       |       |       |     1 |       |     2 |     3 |       |     1 ||     7
       Grand Finale      |       |       |       |       |     2 |     3 |     3 |    10 |     9 ||    27
 Abil: Evoke Berserk Rag |       |       |       |       |     1 |     1 |     3 |       |       ||     5
       Hurl Damnation    |       |       |       |       |       |       |       |       |     1 ||     1
Evoke: Wand              |       |       |     8 |     9 |     9 |     8 |       |     4 |     9 ||    47
       Phantom mirror    |       |       |       |       |       |       |       |     1 |       ||     1
  Use: Scroll            |       |     8 |     6 |     8 |    13 |    19 |     9 |     9 |    22 ||    94
       Potion            |       |       |     2 |       |     6 |     9 |     1 |     6 |     8 ||    32
 Stab: Sleeping          |     2 |    14 |     5 |     4 |     6 |     6 |       |       |       ||    37
       Distracted        |       |       |     2 |    10 |     6 |     7 |    12 |     6 |     5 ||    48
       Paralysed         |       |       |     4 |    39 |   144 |    97 |   185 |   176 |    84 ||   729
       Petrified         |       |       |       |     2 |       |       |       |       |       ||     2
       Confused          |       |       |       |     1 |       |     1 |       |     1 |       ||     3
       Invisible         |       |       |       |       |     5 |       |       |       |     1 ||     6
       Held in net/web   |       |       |       |       |       |     1 |       |       |       ||     1
  Eat: Chunk             |       |     9 |    11 |    23 |    43 |    36 |    33 |    37 |    32 ||   224
       Ration            |       |       |     1 |       |     1 |     6 |     2 |     3 |     3 ||    16
Armor: Robe              |    36 |    93 |       |       |       |       |       |       |       ||   129
       Ring mail         |       |    16 |   253 |   434 |   653 |   769 |     6 |       |       ||  2131
       Fire dragon scale |       |       |       |       |       |       |   352 |   496 |   396 ||  1244
Dodge: Dodged            |    82 |   186 |   352 |   590 |  1432 |  1494 |   389 |   548 |   343 ||  5416
       Deflected         |       |       |       |       |       |       |       |    13 |    42 ||    55
Block: Shield            |       |       |       |   117 |  1153 |  1199 |   538 |   828 |   649 ||  4484
       Reflection        |       |       |       |       |       |     8 |    60 |    36 |     6 ||   110
       Rpst.: Scimitar   |       |       |       |    35 |   321 |    46 |       |       |       ||   402

Table legend:
 A = Non-vault XP
 B = Vault XP
 C = Vault XP percentage of total XP
 D = Non-vault monster count
 E = Vault monster count
 F = Vault count percentage of total count
                 A         B        C        D         E       F
            +---------+---------+-------+---------+---------+-------
      Total |  804175 |  722225 |  47.3 |    1564 |     913 |  36.9
            +---------+---------+-------+---------+---------+-------
        D:1 |      59 |       0 |   0.0 |      29 |       0 |   0.0
        D:2 |     219 |      53 |  19.5 |      29 |       6 |  17.1
        D:3 |      58 |       1 |   1.7 |      24 |       1 |   4.0
        D:4 |     289 |     559 |  65.9 |      19 |       4 |  17.4
        D:5 |     447 |     613 |  57.8 |      22 |       8 |  26.7
        D:6 |     998 |       0 |   0.0 |      20 |       0 |   0.0
        D:7 |     677 |       0 |   0.0 |      15 |       0 |   0.0
        D:8 |    1369 |    1929 |  58.5 |      26 |      14 |  35.0
        D:9 |    1866 |    1163 |  38.4 |      19 |      24 |  55.8
       D:10 |    2725 |     590 |  17.8 |      23 |       1 |   4.2
       D:11 |    7177 |     608 |   7.8 |      38 |       2 |   5.0
       D:12 |    7426 |       0 |   0.0 |      43 |       0 |   0.0
       D:13 |    7730 |    2880 |  27.1 |      28 |      12 |  30.0
       D:14 |    4237 |    1204 |  22.1 |      21 |       2 |   8.7
       D:15 |    9732 |    1381 |  12.4 |      27 |       2 |   6.9
     Lair:1 |    3031 |       0 |   0.0 |      17 |       0 |   0.0
     Lair:2 |    6436 |     173 |   2.6 |      25 |       1 |   3.8
     Lair:3 |    1790 |     911 |  33.7 |       7 |       2 |  22.2
     Lair:4 |    6747 |       0 |   0.0 |      22 |       0 |   0.0
     Lair:5 |    2181 |     914 |  29.5 |      12 |      12 |  50.0
     Lair:6 |   12352 |   13642 |  52.5 |      54 |      74 |  57.8
    Swamp:1 |   12005 |       0 |   0.0 |      30 |       0 |   0.0
    Swamp:2 |    5309 |    3394 |  39.0 |      18 |       1 |   5.3
    Swamp:3 |   11586 |       0 |   0.0 |      19 |       0 |   0.0
    Swamp:4 |   20125 |   13418 |  40.0 |      53 |      44 |  45.4
   Spider:1 |   10983 |    2377 |  17.8 |      37 |       2 |   5.1
   Spider:2 |   17405 |       0 |   0.0 |      44 |       0 |   0.0
   Spider:3 |   16621 |   11568 |  41.0 |      50 |      49 |  49.5
   Spider:4 |   19522 |   30719 |  61.1 |      45 |      52 |  53.6
    Slime:1 |    3855 |       0 |   0.0 |      16 |       0 |   0.0
    Slime:2 |    5701 |       0 |   0.0 |       4 |       0 |   0.0
    Slime:3 |    4049 |       0 |   0.0 |       5 |       0 |   0.0
    Slime:4 |   12525 |    2229 |  15.1 |      13 |       1 |   7.1
    Slime:5 |    9288 |   20289 |  68.6 |      16 |       9 |  36.0
      Orc:1 |    5374 |       0 |   0.0 |      39 |       0 |   0.0
      Orc:2 |     825 |    6865 |  89.3 |      18 |      41 |  69.5
      Elf:1 |   11374 |    6360 |  35.9 |      16 |      10 |  38.5
      Elf:2 |    5215 |   24803 |  82.6 |      11 |      32 |  74.4
      Elf:3 |    8061 |   35097 |  81.3 |      12 |      24 |  66.7
   Vaults:1 |   39260 |   30446 |  43.7 |      76 |      50 |  39.7
   Vaults:2 |   42628 |    8577 |  16.8 |      73 |       9 |  11.0
   Vaults:3 |   15326 |   26975 |  63.8 |      27 |      51 |  65.4
   Vaults:4 |   32679 |   16267 |  33.2 |      52 |      19 |  26.8
   Vaults:5 |   33961 |  110810 |  76.5 |      48 |      83 |  63.4
   Depths:1 |   45943 |    3569 |   7.2 |      52 |       7 |  11.9
   Depths:2 |     732 |  110831 |  99.3 |       3 |      90 |  96.8
   Depths:3 |   28332 |   37724 |  57.1 |      33 |      34 |  50.7
   Depths:4 |   39716 |   11930 |  23.1 |      44 |       9 |  17.0
   Depths:5 |   68388 |   12141 |  15.1 |      63 |      11 |  14.9
      Zot:1 |   50567 |   37838 |  42.8 |      37 |      25 |  40.3
      Zot:2 |   47427 |   26504 |  35.8 |      31 |      12 |  27.9
      Zot:3 |   31123 |   46690 |  60.0 |      18 |      24 |  57.1
      Zot:4 |   50626 |       0 |   0.0 |      29 |       0 |   0.0
      Zot:5 |   20098 |   46796 |  70.0 |      12 |       8 |  40.0
      Sewer |       0 |     139 | 100.0 |       0 |       6 | 100.0
      IceCv |       0 |   11248 | 100.0 |       0 |      45 | 100.0
            +---------+---------+-------+---------+---------+-------
